 Dungeon Crawl Stone Soup version 0.29-a0-350-g7790a0e70a (webtiles) character file.

Game seed: 12631992210547233637

1152 bande the Chopper (level 8, -17/49 HPs)
             Began as a Gargoyle Fighter on Apr 23, 2022.
             Was an Initiate of Okawaru.
             Demolished by a two-headed ogre
             ... wielding a +0 giant spiked club
              (22 damage)
             ... on level 5 of the Dungeon.
             The game lasted 00:13:45 (6447 turns).

bande the Chopper (Gargoyle Fighter)                Turns: 6447, Time: 00:13:45

Health: -17/49     AC: 25    Str: 21    XL:     8   Next: 38%
Magic:  8/8        EV:  6    Int:  8    God:    Okawaru [......]
Gold:   352        SH: 10    Dex: 17    Spells: 7/7 levels left

rFire   . . .      SeeInvis .   a - +1 war axe
rCold   . . .      Faith    .   x - +0 kite shield
rNeg    + . .      Spirit   .   y - +2 chain mail {rPois}
rPois   ∞          Reflect  .   n - +1 helmet
rElec   +          Harm     .   (no cloak)
rCorr   .          Rampage  .   w - +2 pair of gloves
Will    .....                   l - +1 pair of boots
Stlth   ..........              (no amulet)
HPRegen 0.16/turn               e - ring of flight
MPRegen 0.11/turn               p - +6 ring of dexterity

@: flying
A: sickness immunity, AC +5, negative energy resistance 1, electricity
resistance, torment resistance 1, petrification resistance, dopey 1, strong 1
a: Renounce Religion


You were on level 5 of the Dungeon.
You worshipped Okawaru.
Okawaru was noncommittal.
You visited 2 branches of the dungeon, and saw 6 of its levels.
You also visited: Sewer.

You collected 352 gold pieces.

Inventory:

Hand Weapons
 a - a +1 war axe (weapon)
 h - a +0 flail
 j - a +0 mace
Armour
 l - a +1 pair of boots (worn)
 n - a +1 helmet (worn)
 w - a +2 pair of gloves (worn)
 x - a +0 kite shield (worn)
 y - a +2 chain mail of poison resistance (worn)
Jewellery
 b - a +6 ring of intelligence
 e - a ring of flight (left hand)
 p - a +6 ring of dexterity (right hand)
Wands
 r - a wand of iceblast (8)
 t - a wand of digging (2)
Scrolls
 k - 2 scrolls of fear
 q - a scroll of blinking
 v - 2 scrolls of teleportation
Potions
 d - 3 potions of might
 f - 2 potions of heal wounds
 g - 3 potions of curing
 i - a potion of haste
 m - a potion of magic
 o - a potion of resistance {unknown}
 u - a potion of degeneration {unknown}


   Skills:
 + Level 5.2 Fighting
 + Level 6.3 Axes
 + Level 5.5 Armour
 - Level 0.1 Dodging
 + Level 4.7 Shields
 * Level 2.3 Evocations


You had 7 spell levels left.
You didn't know any spells.
Your spell library contained the following spells:

 Spells                   Type           Power      Damage    Failure   Level
 Magic Dart               Conj           0%         1d3       100%        1
 Pain                     Necr           0%         1d4       100%        1
 Shock                    Conj/Air       0%         1d3       100%        1
 Mephitic Cloud           Conj/Pois/Air  0%         N/A       100%        3
 Portal Projectile        Hex/Tloc       0%         N/A       100%        3
 Swiftness                Air            0%         N/A       100%        3
 Vampiric Draining        Necr           0%         2d6       100%        3
 Airstrike                Air            0%         N/A       100%        4
 Leda's Liquefaction      Hex/Erth       0%         N/A       100%        4
 Orb of Destruction       Conj           0%         9d5       100%        7
 Animate Skeleton         Necr           Unusable   N/A       N/A         1
 Summon Small Mammal      Summ           Unusable   N/A       N/A         1
 Call Imp                 Summ           Unusable   N/A       N/A         2
 Call Canine Familiar     Summ           Unusable   N/A       N/A         3
 Summon Guardian Golem    Hex/Summ       Unusable   N/A       N/A         3
 Spellforged Servitor     Conj/Summ      Unusable   N/A       N/A         7

Dungeon Overview and Level Annotations

Branches:
Dungeon (5/15)             Temple (1/1) D:5           Sewer (visited)

Altars:
Cheibriados
Dithmenos
Elyvilon
Fedhas
Gozag
Hepliaklqana
Kikubaaqudgha
Makhleb
Nemelex Xobeh
Okawaru
Ru
Trog
Uskayaw
Vehumet
Wu Jian
Xom
Yredelemnul
Zin
The Shining One


Innate Abilities, Weirdness & Mutations

You are immune to sickness and miasma.
Your stone body is resilient. (AC +5)
You are immune to poison.
You resist negative energy. (rN+)
You are resistant to electric shocks. (rElec)
You are resistant to unholy torment.
You are immune to petrification.
You are dopey. (Int -2)
Your muscles are strong. (Str +2)


Message History

The two-headed ogre is lightly wounded.
The two-headed ogre completely misses you.
The two-headed ogre hits you with a +0 giant club!
You hit the two-headed ogre.
The two-headed ogre is lightly wounded.
The two-headed ogre barely misses you. You block the two-headed ogre's attack.
You hit the two-headed ogre.
The two-headed ogre is moderately wounded.
You block the two-headed ogre's attack.
The two-headed ogre hits you with a +0 giant club.
You barely miss the two-headed ogre.
The two-headed ogre is moderately wounded.
You block the two-headed ogre's attack.
The two-headed ogre hits you but does no damage.
You barely miss the two-headed ogre.
The two-headed ogre is moderately wounded.
The two-headed ogre hits you but does no damage.
The two-headed ogre barely misses you.
You barely miss the two-headed ogre.
The two-headed ogre is moderately wounded.
You barely miss the two-headed ogre.
The two-headed ogre is moderately wounded.
The two-headed ogre barely misses you. You block the two-headed ogre's attack.
You barely miss the two-headed ogre.
The two-headed ogre is moderately wounded.
The two-headed ogre hits you with a +0 giant spiked club.
The two-headed ogre hits you with a +0 giant club!
You hit the two-headed ogre.
The two-headed ogre is moderately wounded.
The two-headed ogre hits you but does no damage. x2
You hit the two-headed ogre.
The two-headed ogre is heavily wounded.
The two-headed ogre hits you with a +0 giant spiked club!
The two-headed ogre hits you with a +0 giant club!
* * * LOW HITPOINT WARNING * * *
You hit the two-headed ogre.
The two-headed ogre is heavily wounded.
The two-headed ogre barely misses you.
The two-headed ogre hits you with a +0 giant club!!
You die...

.# #..)..# #..#......# ## .#
#####.### #..#.##.### #. ## #...#
#..≈.≈..# #. ###.# #.≈.≈.≈.# #.
#####.### ###...#######.
#######.......# #.≈.#.....#.
#.....#.###.#.# ###...#####...
#.....#.###.#.####...#.≈.#...#...
#...........#.#.@O...#...#.......
#.....#.##..#.#.##...#.≈.#...#...
#.....#.##.[..#.# ###...#####..#
#######....).)#.# #≈_≈#.......
####.##.#.# #≈≈≈######## #.##.#)#
##### # #......#######.### #
##########.###.........#######
#..........###.##.#......^...#


You could see a two-headed ogre.

Vanquished Creatures
  Pargi (Sewer)
  3 phantoms
  3 scorpions
  A gnoll sergeant (D:5)
  3 orc priests
  2 hounds (D:4)
  Jessica (D:3)
  Natasha (thrice) (D:3)
  5 orc wizards
  5 gnolls
  8 adders
  A worm (D:2)
  6 dart slugs
  17 orcs
  7 endoplasms
  2 giant cockroaches
  8 goblins
  8 hobgoblins
  5 quokkas (D:2)
  5 ball pythons
  10 bats
  4 frilled lizards
  5 kobolds
  A rat (D:2)
114 creatures vanquished.

Vanquished Creatures (others)
  2 plants (D:1)
2 creatures vanquished.

Grand Total: 116 creatures vanquished

Notes
Turn   | Place    | Note
-------+----------+-------------------------------------------
     0 | D:1      | bande the Gargoyle Fighter began the quest for the Orb.
     0 | D:1      | Reached XP level 1. HP: 14/14 MP: 1/1
   206 | D:1      | Reached XP level 2. HP: 19/19 MP: 2/2
   223 | D:1      | Reached skill level 2 in Axes
   559 | D:1      | Reached XP level 3. HP: 24/24 MP: 3/3
  1222 | D:2      | Reached XP level 4. HP: 29/29 MP: 4/4
  1328 | D:2      | Reached skill level 3 in Axes
  1489 | D:2      | Found a faded altar of an unknown god.
  1770 | D:3      | Noticed Jessica
  1778 | D:3      | Killed Jessica
  1938 | D:3      | Noticed Natasha
  1944 | D:3      | Killed Natasha
  1945 | D:3      | Reached XP level 5. HP: 33/33 MP: 5/5
  1966 | D:3      | Found a glowing drain.
  1971 | D:3      | Noticed Natasha
  1985 | D:3      | Killed Natasha
  2002 | D:3      | Reached skill level 4 in Axes
  2008 | Sewer    | Entered a sewer
  2444 | Sewer    | Noticed Pargi
  2457 | Sewer    | Killed Pargi
  2458 | Sewer    | Reached XP level 6. HP: 30/39 MP: 6/6
  3616 | D:3      | Noticed Natasha
  3623 | D:3      | Killed Natasha
  3973 | D:4      | Reached skill level 5 in Axes
  3973 | D:4      | Reached XP level 7. HP: 40/44 MP: 7/7
  4935 | D:5      | Entered Level 5 of the Dungeon
  4939 | D:5      | Gained mutation: You are dopey. (Int -2) [potion of
                  | mutation]
  4939 | D:5      | Gained mutation: You have large cloven feet. [potion of
                  | mutation]
  4939 | D:5      | Gained mutation: You are very dopey. (Int -4) [potion of
                  | mutation]
  4940 | D:5      | Lost mutation: You have large cloven feet. [potion of
                  | mutation]
  4940 | D:5      | Lost mutation: You are very dopey. (Int -4) [potion of
                  | mutation]
  4940 | D:5      | Gained mutation: You are clumsy. (Dex -2) [potion of
                  | mutation]
  4940 | D:5      | Gained mutation: You have a pair of small antennae on your
                  | head. [potion of mutation]
  4940 | D:5      | Gained mutation: You are frail. (-10% HP) [potion of
                  | mutation]
  4941 | D:5      | Lost mutation: You are clumsy. (Dex -2) [potion of
                  | mutation]
  4941 | D:5      | Lost mutation: You have a pair of small antennae on your
                  | head. [potion of mutation]
  4941 | D:5      | Gained mutation: You have very sharp teeth. [potion of
                  | mutation]
  4941 | D:5      | Gained mutation: You have a pair of small horns on your
                  | head. [potion of mutation]
  4942 | D:5      | Lost mutation: You have a pair of small horns on your head.
                  | [potion of mutation]
  4942 | D:5      | Lost mutation: You are frail. (-10% HP) [potion of
                  | mutation]
  4942 | D:5      | Lost mutation: You have very sharp teeth. [potion of
                  | mutation]
  4942 | D:5      | Gained mutation: Your muscles are strong. (Str +2) [potion
                  | of mutation]
  5071 | D:5      | Found a bloodstained altar of Trog.
  5096 | D:5      | Reached skill level 1 in Evocations
  5195 | D:5      | Found a glowing golden altar of the Shining One.
  5199 | D:5      | Found an ancient bone altar of Kikubaaqudgha.
  5201 | D:5      | Found a hazy altar of Hepliaklqana.
  5201 | D:5      | Found a shimmering altar of Xom.
  5339 | D:5      | Reached skill level 5 in Fighting
  5339 | D:5      | Reached skill level 5 in Armour
  5456 | D:5      | Reached XP level 8. HP: 45/49 MP: 8/8
  5805 | D:4      | Reached skill level 6 in Axes
  6005 | D:5      | Found a sacrificial altar of Ru.
  6116 | D:5      | Found a staircase to the Ecumenical Temple.
  6202 | Temple   | Entered the Ecumenical Temple
  6320 | Temple   | Became a worshipper of Warmaster Okawaru
  6433 | D:5      | Noticed a two-headed ogre
  6447 | D:5      | Demolished by a two-headed ogre

Illustrated notes

Levels and vault maps discovered:
D:1:      scummos_arrival_forest, layout_basic, chequers_big_river
D:2:      layout_loops_ring, shapermc_ecumenical_altar_hornbeckon
D:3:      layout_loops_cross, gup_sewer_entry_glass, roderic_lattice_a,
          lightli_corner_chamber, uniq_jessica, uniq_natasha
D:4:      layout_layer_cave
D:5:      layout_loops_cross, nicolae_ru_path_of_blood,
          mainiacjoe_overflow_boulevard, grunt_temple_overflow_open,
          minmay_temple_entry_junction_2
Temple:   cyrus_circular_temple

Skill      XL: |  1  2  3  4  5  6  7  8 |
---------------+-------------------------+-----
Axes           | 2 3 4 5 6 |  6.3
Fighting       | 4 5 |  5.2
Armour         | 4 5 |  5.5
Shields        | 4 |  4.7
Evocations     | 1 2 |  2.3
Dodging        | |  0.1

Action                   |  1- 3 |  4- 6 |  7- 9 || total
-------------------------+-------+-------+-------++-------
Melee: War axe           |    81 |   118 |   195 ||   394
  Use: Scroll            |     4 |     7 |     3 ||    14
       Potion            |       |       |     4 ||     4
Armor: Scale mail        |    49 |    89 |    21 ||   159
       Chain mail        |       |       |   127 ||   127
Dodge: Dodged            |    50 |    60 |    70 ||   180
Block: Buckler           |    18 |    38 |    45 ||   101
       Kite shield       |       |       |    22 ||    22

Table legend: (Time is in decaauts)
 A = Elapsed time spent in this place.
 B = Non-inter-level travel time spent in this place.
 C = Inter-level travel time spent in this place.
 D = Time resting spent in this place.
 E = Time spent auto-exploring this place.
 F = Levels seen in this place.
 G = Mean time per level.
                   A        B        C        D        E       F      G
               +--------+--------+--------+--------+--------+-----+--------+
         Total |   6590 |   6579 |     11 |    982 |   4169 |   7 |  941.4 |
       Dungeon |   5768 |   5757 |     11 |    416 |   4040 |   5 | 1153.6 |
        Temple |    141 |    141 |      0 |      0 |     89 |   1 |  141.0 |
         Sewer |    680 |    680 |      0 |    566 |     40 |   1 |  680.0 |
               +--------+--------+--------+--------+--------+-----+--------+

Top non-repeatable levels by time:
     D:4: 1671 daAuts
     D:3: 1247 daAuts
     D:5: 1067 daAuts
     D:1: 985 daAuts
     D:2: 797 daAuts
   Sewer: 680 daAuts
  Temple: 141 daAuts
